 Dungeon Crawl Stone Soup version 0.27-a0-765-ge4d627daa3 (webtiles) character file.

Game seed: 4424024179129803313

9 rjrrt the Chopper (level 2, -1/24 HPs)
             Began as a Demonspawn Berserker on Mar 24, 2021.
             Was a Follower of Trog.
             Slain by a quokka (3 damage)
             ... on level 1 of the Dungeon.
             The game lasted 00:00:39 (506 turns).

rjrrt the Chopper (Demonspawn Berserker)             Turns: 506, Time: 00:00:39

Health: -1/24      AC:  2    Str: 17    XL:     2   Next: 6%
Magic:  2/2        EV: 12    Int:  8    God:    Trog [*.....]
Gold:   0          SH:  0    Dex: 12    Spells: 1/1 levels left

rFire    . . .     SeeInvis .   a - +0 hand axe
rCold    . . .     Faith    .   (no shield)
rNeg     . . .     Spirit   .   b - +0 animal skin
rPois    .         Reflect  .   (no helmet)
rElec    .         Harm     .   (no cloak)
rCorr    .         Rampage  .   (no gloves)
Will     .....                  (no boots)
Stlth    +.........             (no amulet)
HPRegen  0.08/turn              (no ring)
MPRegen  0.16/turn              (no ring)

@: no status effects
A: magic regeneration
a: Renounce Religion, Berserk


You were on level 1 of the Dungeon.
You worshipped Trog.
Trog was aware of your devotion.
You visited 1 branch of the dungeon, and saw 1 of its levels.

Inventory:

Hand Weapons
 a - a +0 hand axe (weapon)
Armour
 b - a +0 animal skin (worn)


   Skills:
 - Level 3.0 Fighting
 + Level 3.3 Axes
 - Level 1.7 Armour
 - Level 1.7 Dodging


You had one spell level left.
You didn't know any spells.
Your spell library was empty.

Dungeon Overview and Level Annotations

Branches:
Dungeon (1/15)

Altars:


Innate Abilities, Weirdness & Mutations

You regenerate magic rapidly.


Message History

Trog accepts your kill.
No target in view!
No target in view!
Unknown command.
Things that are here:
a +0 club; a goblin corpse A quokka comes into view.
The quokka bites you.
You closely miss the quokka. The quokka bites you.
You hit the quokka but do no damage. The quokka misses you.
The quokka bites you.
You barely miss the quokka. The quokka barely misses you.
You barely miss the quokka. The quokka completely misses you.
You hit the quokka but do no damage. The quokka barely misses you. x2
You barely miss the quokka. The quokka misses you.
You hit the quokka but do no damage. The quokka bites you.
You barely miss the quokka. The quokka barely misses you.
The quokka closely misses you.
You closely miss the quokka. The quokka bites you.
You hit the quokka but do no damage. The quokka closely misses you.
The quokka misses you.
You completely miss the quokka. The quokka bites you.
You hit the quokka.
The quokka is moderately wounded.
The quokka bites you.
You are too injured to fight recklessly!
The quokka misses you. The quokka bites you. The quokka barely misses you.
The quokka misses you.
You hit the quokka.
The quokka is severely wounded.
The quokka bites you.
* * * LOW HITPOINT WARNING * * *
You barely miss the quokka.
The quokka is severely wounded.
The quokka barely misses you. The quokka bites you.
* * * LOW HITPOINT WARNING * * *
The quokka barely misses you. The quokka bites you.
You die...

###....######.#
#........)#)##
###.#.#.##.##..#
........##.##..#
....#.#.##.##..#
#####.####.##..##
#.........#...#
#...#######.#.##
#........##.#.@#
#........##.##r#
###......##. ....
#.....[#####..##
#.......# ##.#
#.......# ..
#.......# #.. ..


You could see a quokka.

Vanquished Creatures
  2 endoplasms (D:1)
  3 goblins (D:1)
  A hobgoblin (D:1)
  2 rats (D:1)
8 creatures vanquished.

Notes
Turn   | Place    | Note
-------+----------+-------------------------------------------
     0 | D:1      | rjrrt the Demonspawn Berserker began the quest for the Orb.
     0 | D:1      | Reached XP level 1. HP: 18/18 MP: 1/1
   381 | D:1      | Gained mutation: You regenerate magic rapidly. [demonic
                  | ancestry]
   381 | D:1      | Reached XP level 2. HP: 24/24 MP: 2/2
   506 | D:1      | Slain by a quokka

Illustrated notes

Levels and vault maps discovered:
D:1:      tarquinn_simple_flora_water_a, layout_basic

Skill      XL: |  1 |
---------------+----+-----
Axes           | 3 |  3.3
Fighting       | |  3.0
Armour         | |  1.7
Dodging        | |  1.7

Action                   || total
-------------------------++-------
Melee: Hand axe          ||    38
Invok: Berserk           ||     1
Armor: Animal skin       ||     2
Dodge: Dodged            ||    28

Table legend: (Time is in decaauts)
 A = Elapsed time spent in this place.
 B = Non-inter-level travel time spent in this place.
 C = Inter-level travel time spent in this place.
 D = Time resting spent in this place.
 E = Time spent auto-exploring this place.
 F = Levels seen in this place.
 G = Mean time per level.
                   A        B        C        D        E       F      G
               +--------+--------+--------+--------+--------+-----+--------+
         Total |    523 |    523 |      0 |     40 |    402 |   1 |  523.0 |
       Dungeon |    523 |    523 |      0 |     40 |    402 |   1 |  523.0 |
               +--------+--------+--------+--------+--------+-----+--------+

Top non-repeatable levels by time:
     D:1: 523 daAuts
